IL
TOLEDO MUD HENS @ COLUMBUS CLIPPERS
07/29/1982
 
TOP OF THE 1ST
Toledo Mud Hens batting - Pitching for Columbus Clippers : RHP Philip Johnson
Pitching: RHP Philip Johnson
Batting: RHB Joey McEndree 0-0: Ball
1-0: Swinging Strike
1-1: Fly out, F8 (Flyball, 8RD, EV 95.0 MPH)
Batting: LHB Ron Diggle 0-0: Called Strike
0-1: Foul Ball, location: 2F
0-2: Strikes out swinging
Batting: SHB Ken Henderson 0-0: Foul Ball, location: 2F
0-1: Ball
1-1: SINGLE (Groundball, 3D, EV 95.0 MPH)
Batting: RHB John Guarino 0-0: Called Strike
0-1: Fly out, F9 (Flyball, 9, EV 77.5 MPH)
Top of the 1st over - 0 runs, 1 hit, 0 errors, 1 left on base; Toledo 0 - Columbus 0
BOTTOM OF THE 1ST
Columbus Clippers batting - Pitching for Toledo Mud Hens : RHP James Moyer
Pitching: RHP James Moyer
Batting: SHB Curt Wilkerson 0-0: Called Strike
0-1: Ball
1-1: Ball
2-1: Ball
3-1: Base on Balls
Batting: RHB Javier Leyva 0-0: Ball
1-0: Ball
2-0: Grounds into double play, 5-4-3 (Groundball, 5, EV 84.4 MPH)
Batting: LHB Denny Porter 0-0: Fly out, F6 (Popup, 6M, EV 58.8 MPH)
Bottom of the 1st over - 0 runs, 0 hits, 0 errors, 0 left on base; Toledo 0 - Columbus 0
TOP OF THE 2ND
Toledo Mud Hens batting - Pitching for Columbus Clippers : RHP Philip Johnson
Batting: RHB Milt Jefferson 0-0: Ball
1-0: Ball
2-0: Ball
3-0: Called Strike
3-1: TRIPLE (Line Drive, 9LD, EV 107.5 MPH)
Batting: RHB Don Lyle 0-0: Swinging Strike
0-1: SINGLE (Groundball, 3D, EV 95.6 MPH)
Milt Jefferson scores
Batting: RHB Dennis Odom 0-0: Ball
1-0: Foul Ball, location: 2F
1-1: Ball
2-1: Foul Ball, location: 2F
2-2: Fly out, F8 (Line Drive, 8RM, EV 86.9 MPH)
Batting: LHB George LaCoe 0-0: Called Strike
0-1: Foul Ball, location: 2F
0-2: Ball
1-2: Fly out, F8 (Flyball, 89M, EV 90.6 MPH)
Batting: RHB Larry Patterson Pickoff Throw to First - Out! 1-3
Top of the 2nd over - 1 run, 2 hits, 0 errors, 0 left on base; Toledo 1 - Columbus 0
BOTTOM OF THE 2ND
Columbus Clippers batting - Pitching for Toledo Mud Hens : RHP James Moyer
Batting: LHB Barry Butera 0-0: Called Strike
0-1: Swinging Strike
0-2: Strikes out looking
Batting: RHB Donell Nixon 0-0: Ball
1-0: Called Strike
1-1: Ball
2-1: Swinging Strike
2-2: DOUBLE (Line Drive, 7LS, EV 108.8 MPH)
Batting: LHB Gene Gentile 0-0: Called Strike
Donell Nixon steals 3rd base
0-1: Fly out, F7 (Flyball, 7LS, EV 85.6 MPH)
Batting: LHB Elijah Bonaparte 0-0: Called Strike
0-1: Called Strike
0-2: Ball
1-2: Foul Ball, location: 2F
1-2: Ball
2-2: Foul Ball, location: 2F
2-2: Strikes out swinging
Bottom of the 2nd over - 0 runs, 1 hit, 0 errors, 1 left on base; Toledo 1 - Columbus 0
TOP OF THE 3RD
Toledo Mud Hens batting - Pitching for Columbus Clippers : RHP Philip Johnson
Batting: RHB Larry Patterson 0-0: Called Strike
0-1: Ball
1-1: Ball
2-1: Ball
3-1: Fly out, F7 (Flyball, 7S, EV 87.5 MPH)
Batting: RHB Joey McEndree 0-0: Foul Ball, location: 2F
0-1: Ball
1-1: Ball
2-1: Foul Ball, location: 2F
2-2: Ball
3-2: Base on Balls
Batting: LHB Ron Diggle 0-0: Called Strike
0-1: Ball
1-1: Grounds into double play, 4-6-3 (Groundball, 4M, EV 103.1 MPH)
Top of the 3rd over - 0 runs, 0 hits, 0 errors, 0 left on base; Toledo 1 - Columbus 0
BOTTOM OF THE 3RD
Columbus Clippers batting - Pitching for Toledo Mud Hens : RHP James Moyer
Batting: LHB Jordan Medrano 0-0: Called Strike
0-1: Ball
1-1: Foul Ball, location: 2F
1-2: Ball
2-2: Fly out, F4 (Line Drive, 4, EV 69.4 MPH)
Batting: RHB Alex Rodriguez 0-0: Called Strike
0-1: Called Strike
0-2: Foul Ball, location: 2F
0-2: Ball
1-2: Ball
2-2: Ground out 6-3 (Groundball, 6, EV 108.1 MPH)
Batting: SHB Curt Wilkerson 0-0: Ground out 6-3 (Groundball, 6, EV 104.4 MPH)
Bottom of the 3rd over - 0 runs, 0 hits, 0 errors, 0 left on base; Toledo 1 - Columbus 0
TOP OF THE 4TH
Toledo Mud Hens batting - Pitching for Columbus Clippers : RHP Philip Johnson
Batting: SHB Ken Henderson 0-0: Ball
1-0: Called Strike
1-1: Ball
2-1: Called Strike
2-2: SINGLE (Line Drive, 7S, EV 98.1 MPH)
Batting: RHB John Guarino 0-0: Foul Ball, location: 2F
0-1: Ball
1-1: Called Strike
1-2: Foul Ball, location: 2F
1-2: Strikes out swinging
Batting: RHB Milt Jefferson 0-0: Fly out, F8 (Flyball, 8LXD, EV 89.4 MPH)
Batting: RHB Don Lyle 0-0: Ball
1-0: Ground out 4-3 (Groundball, 4, EV 83.8 MPH)
Top of the 4th over - 0 runs, 1 hit, 0 errors, 1 left on base; Toledo 1 - Columbus 0
BOTTOM OF THE 4TH
Columbus Clippers batting - Pitching for Toledo Mud Hens : RHP James Moyer
Batting: RHB Javier Leyva 0-0: Ball
1-0: Ground out 5-3 (Groundball, 56, EV 83.8 MPH)
Batting: LHB Denny Porter 0-0: Called Strike
0-1: Ball
1-1: Foul Ball, location: 2F
1-2: SINGLE (Flyball, 7LS, EV 91.9 MPH)
Batting: LHB Barry Butera 0-0: Ball
1-0: Grounds into double play, 5-4-3 (Groundball, 15, EV 88.1 MPH)
Bottom of the 4th over - 0 runs, 1 hit, 0 errors, 0 left on base; Toledo 1 - Columbus 0
TOP OF THE 5TH
Toledo Mud Hens batting - Pitching for Columbus Clippers : RHP Philip Johnson
Batting: RHB Dennis Odom 0-0: Ball
1-0: Ball
2-0: Called Strike
2-1: Ball
3-1: Called Strike
3-2: Foul Ball, location: 2F
3-2: Foul Ball, location: 2F
3-2: Strikes out swinging
Batting: LHB George LaCoe 0-0: Called Strike
0-1: Called Strike
0-2: Ball
1-2: Ground out 6-3 (Groundball, 6, EV 83.1 MPH)
Batting: RHB Larry Patterson 0-0: Ball
1-0: Ball
2-0: Ball
3-0: Base on Balls
Batting: RHB Joey McEndree 0-0: Ball
1-0: Called Strike
1-1: Ball
2-1: Fly out, F8 (Flyball, 8RD, EV 90.6 MPH)
Top of the 5th over - 0 runs, 0 hits, 0 errors, 1 left on base; Toledo 1 - Columbus 0
BOTTOM OF THE 5TH
Columbus Clippers batting - Pitching for Toledo Mud Hens : RHP James Moyer
Batting: RHB Donell Nixon 0-0: Foul Ball, location: 2F
0-1: Ground out 5-3 (Groundball, 56, EV 108.1 MPH)
Batting: LHB Gene Gentile 0-0: Called Strike
0-1: SINGLE (Flyball, 89S, EV 96.3 MPH)
Batting: LHB Elijah Bonaparte 0-0: Called Strike
Gene Gentile steals 2nd base
0-1: Ball
1-1: Called Strike
1-2: Ground out 4-3 (Groundball, 4MD, EV 81.3 MPH)
Gene Gentile to third
Batting: LHB Jordan Medrano 0-0: Swinging Strike
0-1: Ball
1-1: Ball
2-1: Foul Ball, location: 2F
2-2: Ball
3-2: Base on Balls
Batting: RHB Alex Rodriguez 0-0: Ball
Jordan Medrano is caught stealing 2nd base 2-4
Bottom of the 5th over - 0 runs, 1 hit, 0 errors, 1 left on base; Toledo 1 - Columbus 0
TOP OF THE 6TH
Toledo Mud Hens batting - Pitching for Columbus Clippers : RHP Philip Johnson
Batting: LHB Ron Diggle 0-0: Foul Ball, location: 2F
0-1: Called Strike
0-2: Ball
1-2: Ball
2-2: Ball
3-2: Foul Ball, location: 2F
3-2: Foul Ball, location: 2F
3-2: Base on Balls
Batting: SHB Ken Henderson 0-0: Ball
1-0: Called Strike
1-1: Swinging Strike
1-2: Ball
2-2: Foul Ball, location: 2F
2-2: Strikes out swinging
Batting: RHB John Guarino 0-0: Ball
1-0: Ball
2-0: Ball
3-0: Fly out, F6 (Line Drive, 6, EV 68.1 MPH)
Batting: RHB Milt Jefferson 0-0: Ball
1-0: Called Strike
1-1: SINGLE (Line Drive, 9S, EV 104.4 MPH)
Ron Diggle to second
Batting: RHB Don Lyle 0-0: Ball
1-0: Called Strike
1-1: Ball
2-1: Foul Ball, location: 2F
2-2: Strikes out swinging
Top of the 6th over - 0 runs, 1 hit, 0 errors, 2 left on base; Toledo 1 - Columbus 0
BOTTOM OF THE 6TH
Columbus Clippers batting - Pitching for Toledo Mud Hens : RHP James Moyer
Batting: RHB Alex Rodriguez 0-0: Ball
1-0: Called Strike
1-1: Reached via error on a dropped throw from 3B, E3 (Groundball, 5L, EV 106.3 MPH)
Batting: SHB Curt Wilkerson 0-0: Bunted foul
0-1: Bunt missed!
0-2: Foul Ball, location: 2F
0-2: Ball
1-2: Foul Ball, location: 2F
1-2: Ball
2-2: SINGLE (Groundball, 6MD, EV 98.1 MPH)
Alex Rodriguez to second
Batting: RHB Javier Leyva 0-0: Sac Bunt to 15 - play at first, batter OUT! 1-3
Alex Rodriguez to third
Curt Wilkerson to second
Batting: LHB Denny Porter 0-0: Ball
1-0: Fly out, F7 (Flyball, 7LM, EV 92.5 MPH)
Runner from 3rd tags up, SCORES, throw by LF
Batting: LHB Barry Butera 0-0: Ball
1-0: Ball
2-0: Called Strike
2-1: Ball
3-1: Called Strike
3-2: Ground out 3-1 (Groundball, 34, EV 93.1 MPH)
Bottom of the 6th over - 1 run, 1 hit, 1 error, 1 left on base; Toledo 1 - Columbus 1
TOP OF THE 7TH
Toledo Mud Hens batting - Pitching for Columbus Clippers : RHP Philip Johnson
Batting: RHB Dennis Odom 0-0: Swinging Strike
0-1: Called Strike
0-2: Ground out 6-3 (Groundball, 6, EV 83.1 MPH)
Batting: LHB George LaCoe 0-0: Foul Ball, location: 2F
0-1: Ground out 1-3 (Groundball, 13, EV 65.6 MPH)
Batting: RHB Larry Patterson 0-0: Ball
1-0: Foul Ball, location: 2F
1-1: Fly out, F7 (Flyball, 7LM, EV 98.8 MPH)
Top of the 7th over - 0 runs, 0 hits, 0 errors, 0 left on base; Toledo 1 - Columbus 1
BOTTOM OF THE 7TH
Columbus Clippers batting - Pitching for Toledo Mud Hens : RHP James Moyer
Batting: RHB Donell Nixon 0-0: Ball
1-0: Ball
2-0: Ball
3-0: Called Strike
3-1: Base on Balls
Batting: LHB Gene Gentile 0-0: Ball
1-0: SINGLE (Groundball, 23, EV 75.6 MPH) (infield hit)
Donell Nixon to second
Batting: LHB Elijah Bonaparte 0-0: Foul Ball, location: 2F
0-1: Called Strike
0-2: Ball
1-2: Ball
2-2: Ball
Passed Ball!
Donell Nixon to third
Gene Gentile to second
3-2: SINGLE (Flyball, 34D, EV 97.5 MPH)
Donell Nixon scores
Gene Gentile to third
Batting: LHB Jordan Medrano 0-0: Ball
1-0: Ball
Elijah Bonaparte steals 2nd, throwing error, E2
Gene Gentile scores
Elijah Bonaparte to third
2-0: Intentional Walk
Batting: RHB Alex Rodriguez 0-0: Foul Ball, location: 2F
0-1: SINGLE (Groundball, 34D, EV 101.9 MPH)
Elijah Bonaparte scores
Jordan Medrano to second
Runner from 2nd tries for 3rd, SAFE, throw by RF made to third
Batting: SHB Curt Wilkerson 0-0: Ball
1-0: Fly out, F6 (Popup, 15, EV 80.6 MPH)
Batting: RHB Javier Leyva 0-0: Called Strike
0-1: TRIPLE (Flyball, 89XD, EV 92.5 MPH)
Jordan Medrano scores
Alex Rodriguez scores
Pitching: RHP Kenneth Noble
Batting: LHB Denny Porter 0-0: Called Strike
0-1: Ball
1-1: Ball
2-1: Called Strike
2-2: Foul Ball, location: 2F
2-2: Foul Ball, location: 2F
2-2: Foul Ball, location: 2F
2-2: Ball
3-2: Fly out, F8 (Flyball, 8LD, EV 100.6 MPH)
Runner from 3rd tags up, SCORES, throw by CF
Batting: LHB Barry Butera 0-0: Called Strike
0-1: Ball
1-1: Swinging Strike
1-2: Foul Ball, location: 2F
1-2: Ball
2-2: Ball
3-2: Base on Balls
Batting: RHB Donell Nixon 0-0: Foul Ball, location: 2F
0-1: Foul Ball, location: 2F
0-2: Foul Ball, location: 2F
0-2: Ball
1-2: Ball
2-2: Ball
3-2: Foul Ball, location: 2F
3-2: Strikes out swinging
Bottom of the 7th over - 6 runs, 4 hits, 1 error, 1 left on base; Toledo 1 - Columbus 7
TOP OF THE 8TH
Toledo Mud Hens batting - Pitching for Columbus Clippers : RHP Philip Johnson
Batting: RHB Joey McEndree 0-0: Fly out, F7 (Flyball, 7, EV 83.8 MPH)
Batting: LHB Ron Diggle 0-0: Ball
1-0: Called Strike
1-1: Fly out, F8 (Flyball, 8LD, EV 97.5 MPH)
Batting: SHB Ken Henderson 0-0: Ball
1-0: Ball
2-0: Ball
3-0: Base on Balls
Batting: RHB John Guarino 0-0: Called Strike
0-1: Fly out, F7 (Flyball, 7, EV 96.9 MPH)
Top of the 8th over - 0 runs, 0 hits, 0 errors, 1 left on base; Toledo 1 - Columbus 7
BOTTOM OF THE 8TH
Columbus Clippers batting - Pitching for Toledo Mud Hens : RHP Kenneth Noble
Batting: LHB Gene Gentile 0-0: Ball
1-0: Ball
2-0: Ball
3-0: Called Strike
3-1: Base on Balls
Batting: LHB Elijah Bonaparte 0-0: Ball
1-0: TRIPLE (Line Drive, 9LD, EV 100.0 MPH)
Gene Gentile scores
Batting: LHB Jordan Medrano 0-0: Ball
1-0: Called Strike
1-1: Ball
2-1: Foul Ball, location: 2F
2-2: Fly out, F3 (Popup, 3L, EV 63.8 MPH)
Batting: RHB Alex Rodriguez 0-0: Ground out 4-3 (Groundball, 4, EV 84.4 MPH)
Elijah Bonaparte scores
Batting: SHB Curt Wilkerson 0-0: Fly out, F7 (Flyball, 7, EV 94.4 MPH)
Bottom of the 8th over - 2 runs, 1 hit, 0 errors, 0 left on base; Toledo 1 - Columbus 9
TOP OF THE 9TH
Toledo Mud Hens batting - Pitching for Columbus Clippers : RHP Philip Johnson
Pinch Hitting: RHB Ricardo Villasenor 0-0: Ball
1-0: Called Strike
1-1: Ground out 5-3 (Groundball, 56, EV 85.0 MPH)
Pitching: RHP Joe Cowley
Pinch Hitting: LHB Greg Johnston 0-0: Ball
1-0: Ball
2-0: Ball
3-0: Base on Balls
Pinch Hitting: RHB Frank Moisa 0-0: Called Strike
0-1: Fielders Choice at 2nd, 3-6 (Groundball, 3S, EV 84.4 MPH)
Batting: LHB George LaCoe 0-0: Ball
1-0: Called Strike
1-1: Fly out, F7 (Flyball, 78M, EV 95.6 MPH)
Top of the 9th over - 0 runs, 0 hits, 0 errors, 1 left on base; Toledo 1 - Columbus 9
Wednesday, August 19th, 2020 - OOTP Baseball 21.5 Build 76